 Dungeon Crawl Stone Soup version 0.18-a0-1203-gbde16db (webtiles) character file.

10098 4thArraOfDagon the Basher (level 11, -2/84 HPs)
             Began as a Demigod Wanderer on Jan 31, 2016.
             Slain by a phantasmal warrior (24 damage)
             ... led by a death knight
             ... on level 11 of the Dungeon.
             The game lasted 00:55:46 (7628 turns).

4thArraOfDagon the Basher (Demigod Wanderer)        Turns: 7628, Time: 00:55:46

Health: -2/84      AC: 11    Str: 17    XL:     11   Next: 10%
Magic:  13/20      EV: 11    Int: 21    God:
Gold:   396        SH:  0    Dex: 14    Spells: 6 memorised, 5 levels left

rFire  . . .     SeeInvis +     Q - +2 dire flail
rCold  . . .     Gourm    +     S - +0 troll leather armour
rNeg   . . .     Faith    .     (shield currently unavailable)
rPois  .         Spirit   .     s - +2 helmet {SInv}
rElec  .         Dismiss  .     E - +0 cloak
rCorr  .         Reflect  .     n - +0 pair of gloves
SustAt +         Harm     .     L - +0 pair of boots
MR     +....                    k - amulet of the gourmand
Stlth  +.........               (no ring)
                                z - +3 ring of slaying

@: about to teleport, slowed, repel missiles, very slow, somewhat resistant to
hostile enchantments, very unstealthy
A: high mp 1, mutation resistance 1, sustain attributes
a: no special abilities


You were on level 11 of the Dungeon.
You were not hungry.

You visited 1 branch of the dungeon, and saw 13 of its levels.
You also visited: Labyrinth and Ossuary.

You collected 679 gold pieces.
You spent 283 gold pieces at shops.

Inventory:

Hand Weapons
 e - a +0 blowgun
 Q - a +2 dire flail (weapon)
Missiles
 a - a throwing net (quivered)
 I - 13 tomahawks of returning
Armour
 n - a +0 pair of gloves (worn)
 s - a +2 helmet of see invisible (worn)
 E - a +0 cloak (worn)
 L - a +0 pair of boots (worn)
 S - a +0 troll leather armour (worn)
Magical Staves
 B - an uncursed staff of air
Jewellery
 k - an amulet of the gourmand (around neck)
 z - a +3 ring of slaying (left hand)
Wands
 c - a wand of random effects (7/48)
 d - a wand of confusion (21/48)
 i - a wand of paralysis (15/24)
 j - a wand of polymorph (0/24)
 C - a wand of polymorph (12/24)
 D - a wand of flame (17/48)
 R - a wand of enslavement (12/24)
 T - a wand of fireball (9/15)
 U - a wand of draining (8/15)
Scrolls
 x - 3 scrolls of fog
 A - 4 scrolls of enchant weapon
 H - 3 scrolls of recharging
 J - a scroll of remove curse
 K - a scroll of noise
Potions
 b - 2 potions of flight
 l - 3 potions of might
 m - 3 potions of brilliance
 o - a potion of resistance
 r - 2 potions of lignification {unknown}
 t - 2 potions of invisibility
 u - 2 potions of curing
 v - 5 potions of heal wounds
 w - a potion of haste
 F - a potion of cure mutation
Books
 V - the Tome of Cold and the Mountains
   (You found it in a labyrinth)

   Spells                             Type                      Level
   a - Freeze                         Ice                          1
   b - Ozocubu's Armour               Charms/Ice                   3
   c - Passwall                       Transmutation/Earth          3
   d - Condensation Shield            Ice                          4
   e - Summon Ice Beast               Ice/Summoning                4
   f - Lee's Rapid Deconstruction     Earth                        5
 W - a book of Death

   Spells                             Type                      Level
   a - Corpse Rot                     Necromancy                   2
   b - Sublimation of Blood           Necromancy                   2
   c - Agony                          Necromancy                   5
   d - Dispel Undead                  Necromancy                   5
   e - Excruciating Wounds            Charms/Necromancy            5
   f - Bolt of Draining               Conjuration/Necromancy       5
Comestibles
 f - 7 bread rations
 g - 2 slices of pizza
 h - 10 royal jellies
 p - 3 fruits
 q - 8 meat rations
 P - 2 beef jerkies


   Skills:
 + Level 4.1 Fighting
 * Level 13.1 Maces & Flails
 + Level 4.1 Armour
 - Level 1.0 Stealth
 - Level 4.0 Spellcasting
 - Level 2.5 Conjurations
   Level 1.7 Hexes
 - Level 1.7 Charms
 - Level 1.2 Fire Magic
 - Level 3.6 Air Magic
 - Level 3.6 Poison Magic
 - Level 1.0 Evocations


You had 5 spell levels left.
You knew the following spells:

 Your Spells              Type           Power        Failure   Level  Hunger
a - Sublimation of Blood  Necr           #.........   21%         2    #......
b - Repel Missiles        Chrm/Air       ###...       10%         2    #......
c - Blink                 Tloc           N/A          21%         2    #......
d - Conjure Flame         Conj/Fire      ##......     24%         3    ###....
e - Mephitic Cloud        Conj/Pois/Air  ###.....     14%         3    ###....
f - Apportation           Tloc           #.........   14%         1    None


Dungeon Overview and Level Annotations

Branches:
Dungeon (13/15)            Temple (0/1) D:5            Lair (0/8) D:11
    Orc: D:9-12      Vaults: D:13-14

Shops:
D:6 ??[(   D:7 [   D:11 (   D:13 !

Annotations:
D:13 Azrael


Innate Abilities, Weirdness & Mutations

You have an increased reservoir of magic (+10% MP).
Your attributes are resistant to harm.
You are somewhat resistant to further mutation.


Message History

Unknown command.
The death knight hits you with a battleaxe!!
Unknown command.
Casting: Conjure Flame
Confirm with . or Enter, or press ? or * to list all spells.
Okay, then.
Casting: Conjure Flame
Confirm with . or Enter, or press ? or * to list all spells.
You blink.
The phantasmal warrior blinks!
The wraith hits you. The phantasmal warrior hits you!!
* * * LOW HITPOINT WARNING * * *
Unknown command.
Read which item? (? for menu, Esc to quit)
Okay, then.
Read which item? (? for menu, Esc to quit)
As you read the scroll of teleportation, it crumbles to dust.
You feel strangely unstable. The wraith hits you but does no damage.
The death knight offers itself to Yredelemnul, and fills with unholy energy.
The phantasmal warrior hits you!!
You die...

..#### #.## *,** #h..
### #..# *,,** ##.o
##)# **,,* ##Z
****##.## *####+## ##
*,,,#...# ####......# #
*,*,#.#.# #.W§......#
*,*,#.#.# ###.##......#
*,*,#.#.###.W.#*......#
*,*,..#..pW@###*......#
*,#####.##### *p.....#
*,#.....# *......#
*,#.#.#.# *§.....#
*,#.>.#.# *.W....#
**####### *,,,,,,*
*,,,,,,* ********


You could see a death knight, a phantasmal warrior, a freezing wraith and a
wraith.

Vanquished Creatures
  A minotaur (Lab)
  Erica (D:9)
  Erolcha (D:8)
  An unseen horror (D:12)
  Pikel (D:5)
  A hill giant (D:12)
  2 ugly things (D:11)
  A cyclops (D:11)
  A troll (D:11)
  A slime creature (D:12)
  Sigmund (D:5)
  2 redbacks (Lab)
  6 yaks (D:11)
  A shadow (Lab)
  A fire elemental (D:12)
  2 water moccasins
  A slave (D:5)
  An ice beast (D:7)
  A phantom (D:9)
  3 sky beasts
  5 orc warriors
  3 ogres
  A wasp (D:11)
  5 centaurs
  2 necrophages (D:12)
  3 giant frogs
  3 scorpions (D:8)
  3 killer bees (D:9)
  5 wights (D:6)
  A troll skeleton (Lab)
  3 crimson imps
  A hound (D:12)
  6 jellies
  An orc priest (D:10)
  A centaur skeleton (D:7)
  2 iguanas
  6 orc wizards
  7 worker ants
  A killer bee zombie (D:6)
  A big kobold zombie (Ossuary)
  A hound skeleton (D:4)
  A worker ant zombie (D:11)
  6 adders
  A shadow imp (D:9)
  6 oozes
  2 adder zombies
  An adder skeleton (D:6)
  3 worms
  2 giant geckos
  33 orcs
  A ball python (D:3)
  3 giant cockroaches
  4 goblins
  5 hobgoblins
  5 jackals (D:6)
  8 quokkas
  A ball python skeleton (D:5)
  6 bats
  A giant gecko zombie (D:7)
  2 giant newts
  6 goblin zombies (Ossuary)
  3 hobgoblin zombies (Ossuary)
  A jackal zombie (D:7)
  2 kobolds (D:1)
  4 kobold zombies (Ossuary)
  3 orc zombies (Ossuary)
  A quokka skeleton (D:8)
  A rat (D:2)
  A spectral goblin (D:7)
204 creatures vanquished.

Vanquished Creatures (collateral kills)
  An orc (D:9)
1 creature vanquished.

Vanquished Creatures (others)
  A gnoll zombie (Ossuary)
  A goblin zombie (Ossuary)
2 creatures vanquished.

Grand Total: 207 creatures vanquished

Notes
Turn   | Place    | Note
--------------------------------------------------------------
     0 | D:1      | 4thArraOfDagon the Demigod Wanderer began the quest for the Orb.
     0 | D:1      | 4thArraOfDagon set off with: a book of Minor Magic, a potion of curing, a wand of random effects (15/48), a +0 robe, a +0 club, a bread ration
     0 | D:1      | Reached XP level 1. HP: 14/14 MP: 7/7
     0 | D:1      | lets play
     0 | D:1      | master and servants
     0 | D:1      | ultimate roguelike
    62 | D:1      | rly that bad?
    77 | D:1      | Learned a level 1 spell: Magic Dart
   279 | D:1      | Reached skill level 1 in Conjurations
   416 | D:2      | Reached XP level 2. HP: 20/20 MP: 1/9
   420 | D:2      | Learned a level 2 spell: Repel Missiles
   423 | D:2      | Learned a level 2 spell: Blink
   602 | D:5      | Entered Level 5 of the Dungeon
   692 | D:5      | Reached skill level 4 in Spellcasting
   692 | D:5      | Reached XP level 3. HP: 14/26 MP: 0/11
   746 | D:5      | Found a stormy altar of Qazlal.
   748 | D:5      | Noticed an earth elemental
   749 | D:5      | Noticed a water elemental
   749 | D:5      | Noticed an air elemental
   749 | D:5      | Noticed a fire elemental
   769 | D:5      | Found a staircase to the Ecumenical Temple.
   799 | D:5      | Noticed a centaur
   817 | D:6      | Found Ymmoalouso's Antique Armour Emporium.
   822 | D:6      | Learned a level 3 spell: Conjure Flame
   853 | D:6      | Found Yteli's Weapon Boutique.
   892 | D:7      | Found a sand-covered staircase.
   897 | Ossuary  | Entered an ossuary
  1036 | Ossuary  | Noticed Foomius's ghost (amateur OpAs)
  1036 | Ossuary  | http://crawl.xtahua.com/crawl/morgue/Foomius/morgue-Foomius-20160131-145245.txt
  1081 | Ossuary  | Reached skill level 1 in Fire Magic
  1081 | Ossuary  | Reached XP level 4. HP: 19/33 MP: 8/13
  1331 | D:7      | Found a burning altar of Makhleb.
  1331 | D:7      | Found a radiant altar of Vehumet.
  1390 | D:6      | Found a sparkling altar of Nemelex Xobeh.
  1606 | D:9      | Noticed a sky beast
  1652 | D:9      | Noticed an orc warrior
  1748 | D:10     | Entered Level 10 of the Dungeon
  1748 | D:10     | Noticed a centaur
  1750 | D:10     | Killed a centaur
  1750 | D:10     | Reached XP level 5. HP: 38/38 MP: 14/14
  1773 | D:10     | Noticed a hill giant
  1802 | D:10     | Noticed a soldier ant
  2048 | D:9      | Noticed an ogre
  2057 | D:9      | Noticed a phantom
  2120 | D:8      | Reached XP level 6. HP: 31/45 MP: 6/15
  2312 | D:6      | Bought a glowing helmet for 108 gold pieces
  2342 | D:6      | Reached skill level 5 in Maces & Flails
  2435 | D:5      | Noticed Pikel
  2858 | D:4      | Found a glowing silver altar of Zin.
  3055 | D:4      | Found a shattered altar of Ashenzari.
  3138 | D:4      | Reached XP level 7. HP: 37/50 MP: 13/16
  3219 | D:5      | Learned a level 3 spell: Mephitic Cloud
  3237 | D:5      | Reached skill level 6 in Maces & Flails
  3275 | D:5      | Found a blossoming altar of Fedhas.
  3277 | D:5      | Found an ancient bone altar of Kikubaaqudgha.
  3410 | D:5      | Gained mutation: You are somewhat resistant to further mutation. [potion of mutation]
  3452 | D:5      | Noticed Sigmund
  3490 | D:5      | Killed Sigmund
  3490 | D:5      | Reached skill level 1 in Air Magic
  3490 | D:5      | Reached skill level 1 in Poison Magic
  3496 | D:5      | Found a basalt altar of Yredelemnul.
  3663 | D:5      | Killed Pikel
  3663 | D:5      | Reached skill level 7 in Maces & Flails
  3663 | D:5      | Reached XP level 8. HP: 23/57 MP: 12/17
  3988 | D:6      | Found Tusais's Magic Scroll Shop.
  3999 | D:6      | Bought a scroll of teleportation for 30 gold pieces
  3999 | D:6      | Bought a scroll of blinking for 75 gold pieces
  3999 | D:6      | Bought a scroll of identify for 20 gold pieces
  3999 | D:6      | Bought a scroll of fog for 20 gold pieces
  3999 | D:6      | Bought a scroll of teleportation for 30 gold pieces
  4019 | D:6      | Found Zilif's Magic Scroll Shop.
  4159 | D:7      | Found Vaakh's Armour Boutique.
  4223 | D:7      | Reached skill level 8 in Maces & Flails
  4393 | D:7      | Found an opulent altar of Gozag.
  4815 | D:8      | Reached skill level 9 in Maces & Flails
  4862 | D:8      | Reached XP level 9. HP: 62/62 MP: 14/18
  5080 | D:8      | Noticed Erolcha
  5094 | D:8      | Killed Erolcha
  5094 | D:8      | Reached skill level 10 in Maces & Flails
  5508 | D:9      | Reached skill level 11 in Maces & Flails
  5527 | D:9      | Noticed Erica
  5581 | D:9      | Killed Erica
  5812 | D:9      | Reached XP level 10. HP: 58/69 MP: 17/19
  5968 | D:11     | Noticed a white ugly thing
  5973 | D:11     | Found a staircase to the Lair.
  5974 | D:11     | Noticed a hill giant
  6001 | D:11     | Found Foceh's Antique Weapon Shoppe.
  6044 | D:11     | Learned a level 1 spell: Apportation
  6072 | D:11     | Reached skill level 1 in Fighting
  6122 | D:11     | Reached skill level 12 in Maces & Flails
  6165 | D:11     | Noticed a brown ugly thing
  6172 | D:11     | Killed a brown ugly thing
  6172 | D:11     | Reached skill level 1 in Armour
  6186 | D:11     | Noticed a cyclops
  6288 | D:11     | Killed a cyclops
  6386 | D:12     | Found a glowing golden altar of the Shining One.
  6537 | D:12     | Found a labyrinth entrance.
  6545 | Lab      | Entered a labyrinth
  7099 | Lab      | Noticed a minotaur
  7108 | Lab      | Killed a minotaur
  7133 | Lab      | Identified the Tome of Cold and the Mountains (You found it in a labyrinth)
  7155 | Lab      | Learned a level 2 spell: Sublimation of Blood
  7169 | D:13     | Found Cuziyr's Distillery.
  7169 | D:13     | Noticed Azrael
  7210 | D:12     | Noticed an unseen horror
  7225 | D:12     | Killed an unseen horror
  7249 | D:12     | Noticed a hill giant
  7277 | D:12     | Killed a hill giant
  7277 | D:12     | Reached skill level 13 in Maces & Flails
  7277 | D:12     | Reached XP level 11. HP: 73/83 MP: 9/20
  7615 | D:11     | Noticed a death knight
  7615 | D:11     | Noticed a phantasmal warrior
  7628 | D:11     | Slain by a phantasmal warrior

Vault maps used:
D:1:      nicolae_arrival_somewhat_less_tricky_arrival, minivault_4
D:3:      nicolae_ru_the_path_less_chosen
D:4:      zin_treasury, ashenzari_altar_1
D:5:      grunt_temple_overflow_growth_and_decay, kennysheep_ying_yang,
          nicolae_qazlal_style_of_elements, minmay_temple_entry_glass,
          first_bread, uniq_sigmund, uniq_pikel
D:6:      nemelex_xobeh_ov_fountains_minmay, serial_shops,
          nicolae_shop_waterfront, nicolae_shop_stone, kennysheep_mini,
          kennysheep_little_box
D:7:      grunt_temple_overflow_lords_of_destruction, lemuel_doored_altar,
          enter_ossuary_2, serial_shops, shop
D:8:      hangedman_little_slice_of_home, uniq_erolcha
D:9:      lightli_orcish_oven, uniq_erica
D:10:     kennysheep_orc_monster_closet_entryway, uniq_urug, uniq_fannar
D:11:     erik_lair_orcish_takeover, serial_shops, shop
D:12:     dragon1_lemuel, lab_entry_generic, tso_metal_star
D:13:     lightli_vaults_fourway_checkpoint, serial_shops, shop,
          okawaru_ov_weapons_minmay, uniq_sonja, uniq_azrael
Lab:      labyrinth_spiral, labyrinth_glass_1, nicolae_lab_grate_2, lab_block,
          nicolae_lab_x, lab_fountain
Ossuary:  ossuary_zaba_two_paths

Action                   |  1- 3 |  4- 6 |  7- 9 | 10-12 || total
-------------------------+-------+-------+-------+-------++-------
Melee: Club              |    32 |       |       |       ||    32
       Lajatang          |    51 |    92 |    23 |       ||   166
       Unarmed           |       |       |     6 |       ||     6
       Dire flail        |       |       |   165 |   141 ||   306
       Whip              |       |       |    44 |       ||    44
       Flail             |       |       |     5 |       ||     5
Throw: Tomahawk          |     3 |     3 |       |       ||     6
       Throwing net      |       |       |       |     2 ||     2
 Cast: Magic Dart        |    48 |    67 |     7 |       ||   122
       Repel Missiles    |     1 |     2 |       |     2 ||     5
       Conjure Flame     |     1 |    16 |     6 |    26 ||    49
       Blink             |       |     4 |       |     2 ||     6
       Mephitic Cloud    |       |       |    28 |    16 ||    44
Evoke: Wand              |       |    14 |    24 |     3 ||    41
  Use: Scroll            |     1 |     4 |     8 |    11 ||    24
       Potion            |       |     2 |     2 |     2 ||     6
 Stab: Sleeping          |     3 |       |       |       ||     3
       Confused          |       |     1 |    19 |     4 ||    24
       Distracted        |       |       |     1 |       ||     1
  Eat: Chunk             |     3 |    12 |    14 |    11 ||    40
       Pizza             |       |     1 |       |       ||     1
